 Dungeon Crawl Stone Soup version 0.23.2-1-ga50397a (webtiles) character file.

Game seed: 16534724097134914653

61 doot the Grave Robber (level 4, -1/33 HPs)
             Began as a Hill Orc Necromancer on May 5, 2019.
             Killed from afar by an orc wizard (4 damage)
             ... with a magic dart
             ... on level 4 of the Dungeon.
             The game lasted 00:05:31 (1847 turns).

doot the Grave Robber (Hill Orc Necromancer)        Turns: 1847, Time: 00:05:32

Health: -1/33      AC:  2    Str: 10    XL:     4   Next: 7%
Magic:  3/7        EV: 12    Int: 15    God:
Gold:   69         SH:  0    Dex: 12    Spells: 2/7 levels left

rFire    . . .     SeeInvis .   g - +0 whip
rCold    . . .     Gourm    .   (no shield)
rNeg     . . .     Faith    .   a - +0 robe
rPois    .         Spirit   .   (no helmet)
rElec    .         Reflect  .   (no cloak)
rCorr    .         Harm     .   (no gloves)
MR       .....                  (no boots)
Stlth    +.........             (no amulet)
HPRegen  0.11/turn              (no ring)
MPRegen  0.10/turn              (no ring)

@: confused
A: no striking features
a: no special abilities


You were on level 4 of the Dungeon.
You were not hungry.

You visited 1 branch of the dungeon, and saw 4 of its levels.

You collected 69 gold pieces.

Inventory:

Hand Weapons
 b - a +0 dagger
 g - a +0 whip (weapon)
Armour
 a - a +0 robe (worn)
 d - a +0 leather armour
 h - a +0 cloak
Scrolls
 e - a scroll of enchant weapon {unknown}
 j - a scroll of remove curse {unknown}
Potions
 i - a potion of berserk rage {unknown}
Comestibles
 c - a ration
 f - 2 chunks of flesh


   Skills:
 + Level 1.8 Dodging
 + Level 1.8 Stealth
 + Level 2.4 Spellcasting
 + Level 4.6 Necromancy


You had 2 spell levels left.
You knew the following spells:

 Your Spells              Type           Power        Failure   Level  Hunger
a - Pain                  Necr           ###.         3%          1    #......
b - Animate Skeleton      Necr           N/A          3%          1    #......
c - Vampiric Draining     Necr           ###.......   10%         3    ###....

Your spell library contained the following spells:

 Spells                   Type           Power        Failure   Level  Hunger
 Regeneration             Chrm/Necr      #.........   26%         3    ###....
 Animate Dead             Necr           N/A          32%         4    #####..


Dungeon Overview and Level Annotations

Branches:
Dungeon (4/15)
 Temple: D:4-7

Altars:


Message History

You are confused.
In your confused state, you trip and fall down the stairs.
* * * LOW HITPOINT WARNING * * *
You climb downwards.
Reactivating autopickup.
There is a stone staircase leading up here.
You hear some strange, mumbled words.
Deactivating autopickup; reactivate with Ctrl-A.
You are more confused.
You bump into the rock wall.
Something hits you.
* * * LOW HITPOINT WARNING * * *
You hear some strange, mumbled words.
A magic dart appears from out of thin air!
The magic dart hits you.
* * * LOW HITPOINT WARNING * * *
An orc wizard appears from thin air!
Reactivating autopickup.
The orc wizard gestures at you while chanting.
The magic dart hits you.
You die...

#..########.#
#...##.....#
####.....###.#
..>#....## #.#
####....####.#
##....<..<$.#
##....o...####
#.......#.#
....##@####...
(.....^.#
#####
.....#### ....
###


You could see an orc wizard.

Vanquished Creatures
  A dart slug (D:1)
  An orc (D:2)
  3 giant cockroaches
  6 goblins
  5 hobgoblins
  2 jackals (D:1)
  3 kobolds
  8 bats
  3 frilled lizards (D:1)
  5 rats
37 creatures vanquished.

Vanquished Creatures (collateral kills)
  2 adders (D:3)
  A dart slug (D:1)
  An orc (D:3)
  A ball python (D:3)
  A rat (D:1)
6 creatures vanquished.

Grand Total: 43 creatures vanquished

Notes
Turn   | Place    | Note
-------+----------+-------------------------------------------
     0 | D:1      | doot the Hill Orc Necromancer began the quest for the Orb.
     0 | D:1      | Reached XP level 1. HP: 14/14 MP: 3/3
   472 | D:2      | Reached XP level 2. HP: 15/20 MP: 1/4
   673 | D:1      | Learned a level 1 spell: Animate Skeleton
   958 | D:1      | Reached XP level 3. HP: 19/26 MP: 1/6
  1549 | D:1      | Learned a level 3 spell: Vampiric Draining
  1771 | D:3      | Reached XP level 4. HP: 29/33 MP: 7/7
  1847 | D:4      | Killed from afar by an orc wizard

Skill      XL: |  1  2 |
---------------+-------+-----
Spellcasting   | 2 |  2.4
Dodging        | |  1.8
Stealth        | |  1.8
Necromancy     | |  4.6

Action                   |  1- 3 |  4- 6 || total
-------------------------+-------+-------++-------
Melee: Unarmed           |     2 |       ||     2
       Whip              |    13 |     4 ||    17
       Dagger            |     2 |       ||     2
 Cast: Pain              |    64 |     2 ||    66
       Animate Skeleton  |    13 |       ||    13
       Vampiric Draining |       |     2 ||     2
  Eat: Chunk             |     4 |     1 ||     5
Armor: Robe              |    20 |     4 ||    24
Dodge: Dodged            |    59 |     8 ||    67
